 Dungeon Crawl Stone Soup version 0.32-a0-468-g38b2580584 (webtiles) character file.

Game seed: 5785763047785644256

760 CougarLife the Digger (level 7, 36/36 HPs)
             Began as a Gargoyle Earth Elementalist on Feb 25, 2024.
             Quit the game on level 5 of the Dungeon.
             The game lasted 00:03:59 (3826 turns).

CougarLife the Digger (Gargoyle Earth Elementalist) Turns: 3826, Time: 00:03:59

Health: 36/36      AC:  6    Str: 11    XL:     7   Next: 80%
Magic:  14/14      EV: 11    Int: 18    God:
Gold:   229        SH:  0    Dex: 10    Spells: 11/15 levels left

rFire   . . .        e - +4 dagger
rCold   . . .        (no shield)
rNeg    + . .        a - +0 robe
rPois   ∞            (no helmet)
rElec   +            (no cloak)
rCorr   .            (no gloves)
SInv    .            (no boots)
Will    .....        (no amulet)
Stlth   ++           (no ring)
HPRegen 0.26/turn    (no ring)
MPRegen 0.14/turn

%: no passive effects
@: no status effects
A: sickness immunity, AC +4, negative energy resistance 1, electricity
resistance, torment resistance 1, petrification resistance
a: no special abilities


You were on level 5 of the Dungeon.
You visited 2 branches of the dungeon, and saw 6 of its levels.

You collected 229 gold pieces.

Inventory:

Hand Weapons
 e - a +4 dagger (weapon)
Armour
 a - a +0 robe (worn)
Wands
 h - a wand of polymorph (10)
 r - a wand of roots (12)
Scrolls
 f - 2 scrolls of blinking {unknown}
 g - a scroll of enchant weapon {unknown}
 i - 2 scrolls of identify {unknown}
 k - 2 scrolls of vulnerability {unknown}
 l - a scroll of immolation {unknown}
 m - a scroll of amnesia {unknown}
 n - a scroll of acquirement {unknown}
 o - a scroll of brand weapon {unknown}
 p - 2 scrolls of enchant armour {unknown}
 q - a scroll of teleportation {unknown}
Potions
 b - a potion of magic
 c - a potion of haste {unknown}
 d - 4 potions of curing {unknown}
 j - a potion of heal wounds {unknown}
 s - 2 potions of enlightenment {unknown}


   Skills:
 - Level 1.5 Dodging
 - Level 2.1 Stealth
 + Level 4.8 Spellcasting
 + Level 5.2 Conjurations
 + Level 6.8 Earth Magic


You had 11 spell levels left.
You knew the following spells:

 Your Spells              Type           Power      Damage    Failure   Level
a - Sandblast             Erth           56%        2d13      1%          1
b - Stone Arrow           Conj/Erth      52%        3d10      3%          3

Your spell library contained the following spells:

 Spells                   Type           Power      Damage    Failure   Level
 Passwall                 Erth           28%        N/A       2%          3
 Brom's Barrelling Bould  Conj/Erth      26%        2d5       11%         4
 Petrify                  Alch/Erth      16%        N/A       32%         4


Dungeon Overview and Level Annotations

Branches:
Dungeon (5/15)             Temple (1/1) D:5

Altars:
Ashenzari
Cheibriados
Dithmenos
Elyvilon
Fedhas
Gozag
Hepliaklqana
Kikubaaqudgha
Makhleb
Okawaru
Qazlal
Ru
Sif Muna
Trog
Uskayaw
Wu Jian
Xom
Yredelemnul
Zin


Innate Abilities, Weirdness & Mutations

You are immune to sickness and miasma.
Your stone body is resilient. (AC +4)
You are immune to poison.
You resist negative energy. (rN+)
You are resistant to electric shocks. (rElec)
You are resistant to unholy torment.
You are immune to petrification.


Message History

Casting: Stone Arrow (dangerous; 3% risk of failure)
Confirm with . or Enter, or press ? or * to list all spells.
Aiming: Stone Arrow (dangerous; 3% risk of failure)
Press: ? - help, Shift-Dir - straight line, f/p - ogre
Aim: an ogre, wielding a +0 giant club (severely wounded, 86% to hit)
The stone arrow hits the ogre!
You kill the ogre!
Unknown command.
You start resting.
Your magical contamination has completely faded away.
You start resting.
Magic restored.
You start waiting.
Done waiting.
You see here a +0 giant club.
You now have 213 gold pieces (gained 13).
You now have 229 gold pieces (gained 16).
Found a stone staircase leading up.
Found a stone staircase leading down.
No target in view!
You can't see any susceptible monsters within range! (Use Z to cast anyway.)
An adder comes into view.
An adder is nearby!
The blast of sand hits the adder!
You kill the adder!
You can't see any susceptible monsters within range! (Use Z to cast anyway.)
You can't see any susceptible monsters within range! (Use Z to cast anyway.) Key pressed, stopping explore.
Found a staircase to the Ecumenical Temple.
There is a staircase to the Ecumenical Temple here.
You climb downwards.
Welcome to the Ecumenical Temple!
Found six altars.
Found a staircase back to the Dungeon.
There is a staircase back to the Dungeon here.
Found four altars.
You can't go up here!
There is a staircase back to the Dungeon here.
You climb upwards.
Welcome back to the Dungeon!
There is a staircase to the Ecumenical Temple here.
Unknown command.
Are you sure you want to abandon this character and quit the game? (Confirm with "yes".)

##.# #.......+....
....
...####......#....
....
#...######..##...
.....
#...##..##..#####
.....# #.#.....>...#
.....###..........#
#...#...#...<...#
#.....#....###+#
##.@.#####........
#.....# .........
#...#...#.....†....
....###.............
.....# #......####..
..... ..###### .
.... ...# ....


There were no monsters in sight!

Vanquished Creatures
  Sigmund (D:2)
  A black bear (D:4)
  An ogre (D:5)
  A scorpion (D:4)
  2 hounds (D:5)
  Terence (D:2)
  Natasha (thrice) (D:2)
  2 iguanas (D:5)
  6 gnolls
  2 adders
  4 dart slugs
  5 ribbon worms
  3 orcs
  5 bats
  5 endoplasms
  A giant cockroach (D:3)
  8 goblins
  4 hobgoblins
  4 jackals
  4 kobolds
  A quokka (D:3)
  4 ball pythons
  A frilled lizard (D:1)
  7 rats
76 creatures vanquished.

Notes
Turn   | Place    | Note
-------+----------+-------------------------------------------
     0 | D:1      | CougarLife the Gargoyle Earth Elementalist began the quest
                  | for the Orb.
     0 | D:1      | Reached XP level 1. HP: 10/10 MP: 3/3
   126 | D:1      | Reached XP level 2. HP: 15/15 MP: 1/5
   319 | D:1      | Reached skill level 4 in Earth Magic
   418 | D:1      | Reached XP level 3. HP: 13/19 MP: 1/6
  1069 | D:2      | Found a blossoming altar of Fedhas.
  1145 | D:2      | Noticed Sigmund
  1148 | D:2      | Noticed Natasha
  1150 | D:2      | Killed Sigmund
  1151 | D:2      | Reached skill level 5 in Earth Magic
  1151 | D:2      | Reached XP level 4. HP: 19/24 MP: 3/9
  1151 | D:2      | Reached XP level 5. HP: 22/28 MP: 3/10
  1151 | D:2      | Killed Natasha
  1152 | D:2      | Reached XP level 6. HP: 26/32 MP: 2/11
  1246 | D:2      | Noticed Natasha
  1273 | D:2      | Killed Natasha
  1416 | D:2      | Noticed Natasha
  1421 | D:2      | Killed Natasha
  1474 | D:2      | Noticed Terence
  1482 | D:2      | Killed Terence
  1535 | D:2      | Learned a level 3 spell: Stone Arrow
  2180 | D:3      | Found a hazy altar of Hepliaklqana.
  2344 | D:3      | Identified the +0 ring mail "Goacok" {MP+9 Str+5 Dex-4}
  2489 | D:3      | Found a glowing silver altar of Zin.
  2802 | D:4      | Noticed a black bear
  2805 | D:4      | Killed a black bear
  2806 | D:4      | Reached skill level 6 in Earth Magic
  2806 | D:4      | Reached XP level 7. HP: 35/36 MP: 9/13
  2880 | D:4      | Found a broken altar of Ashenzari.
  3261 | D:4      | Found an iron altar of Okawaru.
  3414 | D:5      | Entered Level 5 of the Dungeon
  3515 | D:5      | Reached skill level 5 in Conjurations
  3550 | D:5      | Identified the +2 robe of Analysis {rPois MP+9}
  3814 | D:5      | Found a staircase to the Ecumenical Temple.
  3821 | Temple   | Entered the Ecumenical Temple
  3826 | D:5      | Quit the game

Illustrated notes

Levels and vault maps discovered:
D:1:      beargit_arrival_greenhouse, layout_loops_ring,
          amcnicky_mini_rare_corridor_liquid, chequers_hall_statues_y,
          nicolae_houndstooth_variations
D:2:      layout_loops_ring, basic_altar, uniq_terence, uniq_natasha,
          uniq_sigmund
D:3:      layout_loops_ring, zin_statuary, lemuel_doored_altar
D:4:      layout_loops_ring, evilmike_ruin_ashenzari, mainiacjoe_overflow_paths
D:5:      layout_gridville, minmay_temple_entry_arrows
Temple:   eino_temple_lava

Skill      XL: |  1  2  3  4  5  6  7 |
---------------+----------------------+-----
Earth Magic    | 4 5 6 |  6.8
Conjurations   | 2 3 4 5 |  5.2
Spellcasting   | 3 4 |  4.8
Dodging        | |  1.5
Stealth        | |  2.1

Action                     |  1- 3 |  4- 6 |  7- 9 || total
---------------------------+-------+-------+-------++-------
  Melee: Unarmed           |    16 |       |       ||    16
         Dagger            |       |     3 |     1 ||     4
   Cast: Sandblast         |    40 |    70 |    28 ||   138
         Stone Arrow       |       |     1 |     3 ||     4
 Armour: Robe              |    27 |    18 |    11 ||    56
         Skin              |       |    13 |       ||    13
  Dodge: Dodged            |    19 |    32 |    11 ||    62

Table legend: (Time is in decaauts)
 A = Elapsed time spent in this place.
 B = Non-inter-level travel time spent in this place.
 C = Inter-level travel time spent in this place.
 D = Time resting spent in this place.
 E = Time spent auto-exploring this place.
 F = Levels seen in this place.
 G = Mean time per level.
                   A        B        C        D        E       F      G
               +--------+--------+--------+--------+--------+-----+--------+
         Total |   3893 |   3813 |     80 |    507 |   2812 |   6 |  648.8 |
       Dungeon |   3890 |   3810 |     80 |    507 |   2812 |   5 |  778.0 |
        Temple |      3 |      3 |      0 |      0 |      0 |   1 |    3.0 |
               +--------+--------+--------+--------+--------+-----+--------+

Top non-repeatable levels by time:
     D:1: 1075 daAuts
     D:2: 843 daAuts
     D:3: 824 daAuts
     D:4: 732 daAuts
     D:5: 414 daAuts
  Temple: 3 daAuts
